 Dungeon Crawl Stone Soup version 0.30.0-5-g1a98f26d00 (webtiles) character file.

Game seed: 11554022162645445869

3147 Pimp the Cleaver (level 9, -1/82 HPs)
             Began as a Hill Orc Fighter on May 9, 2023.
             Slain by Menkaure (5 damage)
             ... on level 7 of the Dungeon.
             The game lasted 00:12:15 (6331 turns).

Pimp the Cleaver (Hill Orc Fighter)                 Turns: 6331, Time: 00:12:16

Health: -1/82      AC: 14    Str: 25 (26) XL:     9   Next: 93%
Magic:  9/9        EV:  8    Int:  7 (8)  God:
Gold:   280        SH:  6    Dex: 14 (15) Spells: 8/8 levels left

rFire   + . .        a - +0 war axe
rCold   + + .        c - +0 buckler
rNeg    . . .        s - +0 chain mail {rC+}
rPois   .            (no helmet)
rElec   .            l - scarf of Grot {rC+ rF+, Will- Dex+5}
rCorr   .            A - +2 pair of gloves {Str+3}
SInv    .            (no boots)
Will    .....        (no amulet) Stlth
                     e - ring of wizardry
HPRegen 0.33/turn    t - ring of flight
MPRegen 0.11/turn

%: wizardry (x1)
@: flying
A: no striking features
a: no special abilities


You were on level 7 of the Dungeon.
You visited 1 branch of the dungeon, and saw 7 of its levels.

You collected 280 gold pieces.

Inventory:

Hand Weapons
 a - a +0 war axe (weapon)
 i - a +0 sling
Armour
 b - a +0 scale mail
 c - a +0 buckler (worn)
 l - the scarf of Grot (worn) {rC+ rF+, Will- Dex+5}
   (You found it on level 2 of the Dungeon)

   Dex:       It affects your dexterity (+5).
   Will:      It decreases your willpower.
 s - a +0 chain mail of cold resistance (worn)
 A - a +2 pair of gloves of strength (worn)
Jewellery
 e - a ring of wizardry (left hand)
 t - a ring of flight (right hand)
Wands
 q - a wand of light (10)
Scrolls
 f - a scroll of magic mapping {unknown}
 h - 5 scrolls of teleportation
 p - a scroll of poison {unknown}
 r - 2 scrolls of immolation
 u - a scroll of fear {unknown}
 w - 3 scrolls of identify
 x - a scroll of amnesia
 y - a scroll of brand weapon {unknown}
 D - a scroll of blinking
Potions
 d - a potion of might
 g - a potion of flight
 j - a potion of lignification {unknown}
 m - a potion of brilliance
 v - 2 potions of heal wounds {unknown}
 z - a potion of mutation {unknown}
 C - 2 potions of degeneration
 E - a potion of attraction {unknown}


   Skills:
 + Level 8.9 Fighting
 + Level 9.3 Axes
 + Level 8.2 Armour
 + Level 8.1 Shields


You had 8 spell levels left.
You didn't know any spells.
Your spell library contained the following spells:

 Spells                   Type           Power      Damage    Failure   Level
 Slow                     Hex            0%         N/A       65%         1
 Cigotuvi's Dreadful Rot  Necr/Pois/Air  0%         N/A       77%         2
 Static Discharge         Conj/Air       0%         2-2/arc   77%         2
 Confusing Touch          Hex            0%         N/A       93%         3
 Frozen Ramparts          Ice            0%         1d1       93%         3
 Ignite Poison            Fire/Tmut/Pois 0%         N/A       93%         3
 Vampiric Draining        Necr           0%         2d6       93%         3
 Airstrike                Air            0%         2d(0-16)  100%        4
 Ice Form                 Ice/Tmut       0%         N/A       100%        4
 Summon Ice Beast         Ice/Summ       0%         N/A       100%        4
 Summon Lightning Spire   Summ/Air       0%         N/A       100%        4
 Freezing Cloud           Conj/Ice/Air   0%         6-21      100%        5


Dungeon Overview and Level Annotations

Branches:
Dungeon (7/15)             Temple (0/1) D:4

Altars:
Elyvilon
Yredelemnul

Shops:
D:2 *

Annotations:
D:7 Menkaure


Message History

You closely miss the orc priest. You block the orc priest's attack.
You slash the orc priest!
You kill the orc priest!
You now have 280 gold pieces (gained 16).
Things that are here:
a +0 hand axe; an orc corpse You see here a +0 whip.
Menkaure, Prince of Dust comes into view.
Menkaure shouts!
There is an open door here.
Menkaure casts a spell.
Menkaure seems to speed up.
Menkaure whispers a few words.
Menkaure hits you!
You hit Menkaure but do no damage. Menkaure completely misses you.
You hit Menkaure.
Menkaure is lightly damaged.
Menkaure hits you.
You hit Menkaure.
Menkaure is lightly damaged.
Menkaure calls on the powers of darkness!
Your body is wracked with pain!
Menkaure barely misses you.
You barely miss Menkaure.
Menkaure is lightly damaged.
Menkaure calls on the powers of darkness!
Your body is wracked with pain!
* * * LOW HITPOINT WARNING * * *
You closely miss Menkaure.
Menkaure is lightly damaged.
Menkaure hits you!
* * * LOW HITPOINT WARNING * * *
It was a potion of degeneration.
There was something very wrong with that liquid.
You feel weakened.
You feel dopey.
You feel clumsy. Menkaure barely misses you.
It was a potion of flight.
You feel more buoyant.
Menkaure mumbles in an indecipherable tongue.
Menkaure hits you.
You die...

.... #......#
....### #.[.##.#
....... #....#.#
.......##....#.#
#........#..#.#
#.....[..'..#.#
#........#.##.#
#####.........#
#....#@####
#....#M#
#...[....#
#...##.....#
#.## #.....# #.
.....:# .
.......#
....##### ...#


You could see Menkaure (fast).

Vanquished Creatures
  Pikel (D:7)
  Joseph (D:6)
  Prince Ribbit (D:7)
  Eustachio (D:4)
  Edmund (D:4)
  A water moccasin (D:6)
  A sky beast (D:6)
  An ice beast (D:5)
  2 black bears
  A centaur (D:5)
  3 ogres
  2 phantoms
  A lemure (D:7)
  A gnoll sergeant (D:6)
  A scorpion (D:6)
  2 howler monkeys
  3 jellies
  A gnoll bouda (D:5)
  3 orc priests
  5 hounds
  An iguana (D:4)
  A sleepcap (D:6)
  6 orc wizards
  12 gnolls
  6 adders
  A shadow imp (D:5)
  2 worms (D:2)
  2 dart slugs
  12 orcs
  2 ball pythons
  3 bats
  6 endoplasms
  3 goblins
  3 hobgoblins
  4 jackals (D:1)
  5 quokkas
  3 frilled lizards
  A kobold (D:2)
  7 rats
113 creatures vanquished.

Notes
Turn   | Place    | Note
-------+----------+-------------------------------------------
     0 | D:1      | Pimp the Hill Orc Fighter began the quest for the Orb.
     0 | D:1      | Reached XP level 1. HP: 19/19 MP: 1/1
   100 | D:1      | Reached skill level 3 in Axes
   100 | D:1      | Reached XP level 2. HP: 19/27 MP: 2/2
   610 | D:1      | Reached XP level 3. HP: 33/33 MP: 3/3
  1352 | D:2      | Identified the scarf of Grot {rC+ rF+, Will- Dex+5}
  1468 | D:2      | Reached XP level 4. HP: 37/40 MP: 4/4
  1921 | D:2      | Found Liegarch's General Store.
  2073 | D:2      | Reached skill level 4 in Axes
  2147 | D:3      | Reached XP level 5. HP: 47/47 MP: 5/5
  2533 | D:4      | Reached skill level 5 in Fighting
  2561 | D:4      | Reached XP level 6. HP: 37/56 MP: 6/6
  2933 | D:4      | Reached skill level 5 in Axes
  2973 | D:4      | Found a staircase to the Ecumenical Temple.
  3001 | D:4      | Reached skill level 5 in Armour
  3001 | D:4      | Reached skill level 5 in Shields
  3001 | D:4      | Reached XP level 7. HP: 61/61 MP: 7/7
  3119 | D:4      | Noticed Eustachio
  3178 | D:4      | Killed Eustachio
  3417 | D:4      | Noticed Edmund
  3426 | D:4      | Killed Edmund
  3427 | D:4      | Reached skill level 6 in Axes
  3615 | D:5      | Entered Level 5 of the Dungeon
  3636 | D:5      | Reached XP level 8. HP: 59/71 MP: 8/8
  4391 | D:5      | Reached skill level 7 in Axes
  5052 | D:6      | Found a basalt altar of Yredelemnul.
  5254 | D:6      | Found a white marble altar of Elyvilon.
  5263 | D:6      | Reached XP level 9. HP: 75/79 MP: 9/9
  5421 | D:6      | Reached skill level 8 in Axes
  5631 | D:7      | Noticed Joseph
  5681 | D:6      | Killed Joseph
  6012 | D:7      | Noticed Prince Ribbit
  6043 | D:7      | Killed Prince Ribbit
  6113 | D:7      | Noticed Pikel
  6129 | D:7      | Killed Pikel
  6130 | D:7      | Reached skill level 9 in Axes
  6320 | D:7      | Noticed Menkaure
  6329 | D:7      | HP: 3/82 [Menkaure (17)]
  6331 | D:7      | Slain by Menkaure

Illustrated notes

Levels and vault maps discovered:
D:1:      saegor_arrival_simple_a, layout_basic
D:2:      layout_basic, serial_shops, shop, supply_closet_lemuel
D:3:      layout_rooms
D:4:      nicolae_BIG_FREAKIN_CUBE, layout_rooms,
          minmay_temple_entry_gardened_gates, uniq_eustachio, uniq_edmund
D:5:      layout_basic
D:6:      layout_gridville, minmay_misc_feat_diagonals, hangedman_feature_mirror
D:7:      layout_basic, uniq_prince_ribbit1, uniq_menkaure, uniq_joseph,
          uniq_pikel

Skill      XL: |  1  2  3  4  5  6  7  8  9 |
---------------+----------------------------+-----
Axes           | 3 4 5 6 7 9 |  9.3
Fighting       | 4 5 6 7 8 |  8.9
Armour         | 4 5 6 8 |  8.2
Shields        | 4 5 6 8 |  8.1

Action                     |  1- 3 |  4- 6 |  7- 9 || total
---------------------------+-------+-------+-------++-------
  Melee: War axe           |    94 |   107 |   276 ||   477
    Use: Scroll            |     4 |     4 |       ||     8
         Potion            |       |     1 |     7 ||     8
 Armour: Scale mail        |    51 |    46 |       ||    97
         Chain mail        |       |     3 |   205 ||   208
  Dodge: Dodged            |    45 |    38 |   126 ||   209
  Block: Buckler           |    21 |    34 |    97 ||   152
